 Dungeon Crawl Stone Soup version 0.28-a0-1638-g9123634e07 (webtiles) character file.

Game seed: 1031162152008884803

71272 soggyman666 the Severer (level 14, 0/125 HPs)
             Began as a Minotaur Fighter on Jan 26, 2022.
             Was the Champion of Okawaru.
             Slain by a catoblepas (8 damage)
             ... while petrified by a catoblepas
             ... on level 6 of the Lair of Beasts on Jan 27, 2022.
             The game lasted 01:39:49 (34131 turns).

soggyman666 the Severer (Minotaur Fighter)         Turns: 34131, Time: 01:39:50

Health: 0/125      AC: 28    Str: 22    XL:     14   Next: 97%
Magic:  19/19      EV:  2    Int:  5    God:    Okawaru [******]
Gold:   2345       SH:  0    Dex: 14    Spells: 16/17 levels left

rFire   . . .      SeeInvis .   L - +4 broad axe (freeze)
rCold   . . .      Faith    .   c - +0 buckler
rNeg    + + +      Spirit   .   E - +0 plate armour
rPois   ∞          Reflect  .   (helmet restricted)
rElec   .          Harm     .   R - +1 cloak
rCorr   .          Rampage  .   (no gloves)
Will    +....                   f - +0 pair of boots
Stlth   ..........              D - amulet of magic regeneration
HPRegen 0.30/turn               q - +4 ring of protection
MPRegen 0.56/turn               X - +4 ring of protection

@: petrified
A: horns 2, retaliatory headbutt
a: Renounce Religion, Heroism, Finesse, Duel


You were on level 6 of the Lair of Beasts.
You worshipped Okawaru.
Okawaru was exalted by your worship.
You visited 7 branches of the dungeon, and saw 26 of its levels.
You also visited: Sewer and Ossuary.

You collected 2377 gold pieces.
You spent 32 gold pieces at shops.

Inventory:

Hand Weapons
 e - a +0 hand crossbow
 l - a +3 hand axe of venom
 L - a +4 broad axe of freezing (weapon)
 V - a +5 demon whip of electrocution
Missiles
 m - 3 throwing nets
 y - 3 poisoned darts
 O - 5 javelins (quivered)
 Q - 119 bolts
Armour
 b - the +1 leather armour of Fupnorche {+Inv rCorr}
   (You found it on level 7 of the Dungeon)

   +Inv:      It lets you turn invisible.
   rCorr:     It protects you from acid and corrosion.
 c - a +0 buckler (worn)
 f - a +0 pair of boots (worn)
 E - a +0 plate armour (worn)
 K - a +0 scale mail of fire resistance
 R - a +1 cloak (worn)
 Y - the +4 ring mail of Disguise {rElec}
   (Okawaru gifted it to you on level 1 of the Lair of Beasts)

   rElec:     It insulates you from electricity.
Jewellery
 q - a +4 ring of protection (left hand)
 C - a ring of protection from fire
 D - an amulet of magic regeneration (around neck)
 H - a ring of wizardry
 X - a +4 ring of protection (right hand)
Wands
 a - a wand of mindburst (4)
 k - a wand of iceblast (30)
 t - a wand of paralysis (11)
 u - a wand of flame (6)
 G - a wand of polymorph (8)
 N - a wand of digging (6)
Scrolls
 n - 5 scrolls of fog
 r - 2 scrolls of teleportation
 A - 8 scrolls of magic mapping
 B - 3 scrolls of brand weapon
 I - 4 scrolls of amnesia
 S - a scroll of holy word
 T - 4 scrolls of fear {unknown}
 U - 2 scrolls of noise {unknown}
Potions
 d - 2 potions of might
 g - a potion of attraction {unknown}
 h - 2 potions of heal wounds {unknown}
 i - 2 potions of cancellation {unknown}
 j - 5 potions of curing
 p - 3 potions of mutation {unknown}
 s - 3 potions of lignification {unknown}
 v - 8 potions of ambrosia
 w - 7 potions of haste
 x - 2 potions of degeneration {unknown}
 z - a potion of resistance {unknown}
 F - 2 potions of brilliance {unknown}
 J - a potion of invisibility {unknown}
 P - a potion of magic {unknown}
 W - a potion of flight {unknown}


   Skills:
 + Level 11.7 Fighting
 + Level 16.0(16.6) Axes
 + Level 7.3(12.6) Maces & Flails
 - Level 3.4 Bows
 - Level 4.0 Throwing
 + Level 13.2 Armour
 - Level 3.0 Dodging
 - Level 0.6 Stealth
 + Level 9.7 Shields
 - Level 2.0 Spellcasting
 - Level 2.1 Conjurations
 + Level 2.2 Fire Magic
 * Level 8.9 Invocations
 * Level 10.1 Evocations


You had 16 spell levels left.
You knew the following spells:

 Your Spells              Type           Power      Damage    Failure   Level
a - Foxfire               Conj/Fire      8%         2x1d4     93%         1

Your spell library contained the following spells:

 Spells                   Type           Power      Damage    Failure   Level
 Apportation              Tloc           0%         N/A       99%         1
 Slow                     Hex            0%         N/A       99%         1
 Corpse Rot               Necr/Air       0%         N/A       100%        2
 Ensorcelled Hibernation  Hex/Ice        0%         N/A       100%        2
 Poisonous Vapours        Pois/Air       0%         N/A       100%        2
 Sublimation of Blood     Necr           0%         N/A       100%        2
 Wereblood                Tmut           0%         N/A       100%        2
 Confusing Touch          Hex            0%         N/A       100%        3
 Conjure Flame            Conj/Fire      2%         6-21      100%        3
 Inner Flame              Hex/Fire       1%         N/A       100%        3
 Spider Form              Tmut/Pois      0%         N/A       100%        3
 Stone Arrow              Conj/Erth      2%         3d7       100%        3
 Vampiric Draining        Necr           0%         2d6       100%        3
 Anguish                  Hex/Necr       0%         N/A       100%        4
 Dispel Undead            Necr           0%         3d6       100%        4
 Flame Wave               Conj/Fire      2%         2d4       100%        4
 Borgnjor's Vile Clutch   Necr/Erth      0%         N/A       100%        5
 Lehudib's Crystal Spear  Conj/Erth      0%         10d2      100%        8
 Animate Skeleton         Necr           Unusable   N/A       N/A         1
 Summon Small Mammal      Summ           Unusable   N/A       N/A         1
 Animate Armour           Summ/Erth      Unusable   N/A       N/A         4
 Animate Dead             Necr           Unusable   N/A       N/A         4
 Death Channel            Necr           Unusable   N/A       N/A         6
 Summon Hydra             Summ           Unusable   N/A       N/A         7

Dungeon Overview and Level Annotations

Branches:
Dungeon (13/15)            Temple (1/1) D:7            Lair (6/6) D:8
  Swamp (1/4) Lair:2       Spider (0/4) Lair:2        Slime (2/5) Lair:5
    Orc (2/2) D:12            Elf (1/3) Orc:2        Vaults (0/5) D:13
  Sewer (visited)         Ossuary (visited)

Altars:
Ashenzari
Cheibriados
Dithmenos
Elyvilon
Fedhas
Gozag
Hepliaklqana
Kikubaaqudgha
Makhleb
Nemelex Xobeh
Okawaru
Qazlal
Ru
Sif Muna
Trog
Uskayaw
Vehumet
Wu Jian
Xom
Yredelemnul
Zin
The Shining One
Beogh
Jiyva

Shops:
D:10 :   Orc:2 *


Innate Abilities, Weirdness & Mutations

You have a pair of horns on your head.
You reflexively headbutt those who attack you in melee.


Message History

Okay, then.
Blink to where?
Press: ? - help, Dir - move target
As you read the scroll of blinking, it crumbles to dust.
The catoblepas breathes a plume of calcifying dust at you.
The blast of calcifying dust hits you but does no damage.
You are engulfed in calcifying dust.
You are slowing down.
Your limbs are stiffening.
You have turned to stone.
The catoblepas breathes a plume of calcifying dust at you.
The blast of calcifying dust hits you.
* * * LOW HITPOINT WARNING * * *
You are engulfed in calcifying dust. x4
The catoblepas gores you but does no damage.
The catoblepas gores you but does no damage.
The catoblepas gores you. The catoblepas gores you!!
* * * LOW HITPOINT WARNING * * *
You turn to flesh and can move again.
You feel better.
The catoblepas breathes a plume of calcifying dust at you.
The blast of calcifying dust hits you but does no damage.
You are engulfed in calcifying dust.
The catoblepas gores you!
* * * LOW HITPOINT WARNING * * *
You are engulfed in calcifying dust.
The catoblepas breathes a plume of calcifying dust at you.
The blast of calcifying dust hits you but does no damage.
You slash the catoblepas! You freeze the catoblepas.
You headbutt the catoblepas.
The catoblepas is severely wounded.
You are engulfed in calcifying dust.
You are slowing down.
You hit the catoblepas. You freeze the catoblepas. You headbutt the catoblepas.
The catoblepas is almost dead.
You are engulfed in calcifying dust.
Your limbs have turned to stone.
The catoblepas gores you but does no damage.
You block the catoblepas's attack.
You have turned to stone.
You are engulfed in calcifying dust.
The catoblepas gores you!
You die...

....8................
.......8............
..8................# .##.
.........8......##.# #.....
..............##...#### #(.....
......................###.......
......................#.........
.#.#...........<#.+##...........
÷..#####........@...#............
.<....###......#Y.⌠.+............
........##.....#.......#.#.P.....
.#........##...#...#...........##
#...##............#.......P.)....
.......#....⌠.....#..............
.......#.........#.........##....
..#.....#.⌠...⌠.#..........P#....
..#.....#........................


You could see a catoblepas.

Vanquished Creatures
  Kirke (D:12)
  An azure jelly (Lair:5)
  An ironbound preserver (D:13)
  Josephine (Lair:6)
  6 hydras
  3 centaur warriors (D:13)
  An alligator (Lair:2)
  A boulder beetle (Lair:4)
  A catoblepas (Lair:6)
  8 death yaks
  4 two-headed ogres
  Urug (Orc:2)
  A deep elf archer (Elf:1)
  An orc knight (D:12)
  A deep elf pyromancer (D:13)
  An orc sorcerer (Orc:2)
  Pikel (D:8)
  2 oklob plants (Lair:4)
  6 cyclopes
  A salamander (Lair:3)
  4 manticores
  12 elephants
  An ugly thing (D:12)
  3 black mambas
  2 gargoyles
  7 cane toads
  An unseen horror (D:12)
  Maggie (D:6)
  A torpor snail (Lair:4)
  3 rime drakes
  10 komodo dragons
  3 trolls
  6 meliai
  Grinder (D:3)
  Prince Ribbit (Lair:1)
  9 blink frogs (Lair:1)
  5 polar bears
  A queen bee (Lair:5)
  5 slime creatures
  Sigmund (D:6)
  A shadow (D:9)
  4 culicivoras (Lair:2)
  A wyvern (D:9)
  77 yaks
  4 fire bats (Lair:3)
  6 wraiths
  A hog (D:13)
  4 basilisks
  2 humans (D:13)
  2 steam dragons
  9 vampire mosquitoes
  3 wargs
  An acid dragon (D:9)
  18 water moccasins
  3 black bears
  13 orc warriors
  A hornet zombie (D:7)
  An ice beast (D:5)
  3 sky beasts
  A necrophage (D:8)
  4 wolves
  A tengu (shapeshifter) (D:13)
  6 ogres
  14 centaurs
  2 lemures (D:8)
  2 phantoms (D:4)
  5 kobold brigands
  16 bullfrogs
  A scorpion (D:5)
  A wyvern zombie (D:7)
  9 water moccasin zombies
  3 wights (D:9)
  23 killer bees
  3 electric eels
  6 howler monkeys
  5 centaur zombies
  A jelly (D:7)
  13 orc priests
  3 bullfrog zombies
  Crazy Yiuf (D:7)
  3 hounds
  2 centaur skeletons (D:5)
  2 gnoll shamans
  17 orc wizards
  A hound skeleton (D:4)
  2 mummies (Ossuary)
  A howler monkey zombie (D:9)
  3 gnolls (D:6)
  5 adders
  A howler monkey skeleton (D:6)
  2 river rats (Sewer)
  A white imp (D:6)
  7 adder zombies (Ossuary)
  An adder skeleton (D:4)
  9 worms
  2 dart slugs
  55 orcs
  10 endoplasms
  7 giant cockroaches
  4 gnoll zombies (Ossuary)
  6 goblins
  7 hobgoblins
  6 jackals (D:3)
  A quokka (D:4)
  10 ball pythons
  7 bats
  A frilled lizard (D:1)
  7 hobgoblin zombies (Ossuary)
  21 kobolds
  4 kobold zombies (Ossuary)
  4 orc zombies (Ossuary)
  7 rats
  2 butterflies (Lair:1)
612 creatures vanquished.

Vanquished Creatures (others)
  Maurice (D:10)
  A gnoll (D:6)
  2 bushes
  7 foxfires (Swamp:1)
  34 fungi
  37 plants
82 creatures vanquished.

Grand Total: 694 creatures vanquished

Notes
Turn   | Place    | Note
-------+----------+-------------------------------------------
     0 | D:1      | soggyman666 the Minotaur Fighter began the quest for the
                  | Orb.
     0 | D:1      | Reached XP level 1. HP: 19/19 MP: 0/0
   212 | D:1      | Reached XP level 2. HP: 27/27 MP: 1/1
   632 | D:1      | Reached skill level 3 in Axes
   693 | D:1      | Found a faded altar of an unknown god.
   916 | D:2      | Reached XP level 3. HP: 32/33 MP: 2/2
  1405 | D:3      | Reached skill level 1 in Throwing
  1461 | D:3      | Reached XP level 4. HP: 20/40 MP: 3/3
  1860 | D:3      | Noticed Grinder
  1877 | D:3      | Killed Grinder
  1878 | D:3      | Reached skill level 4 in Axes
  1878 | D:3      | Reached skill level 1 in Dodging
  1878 | D:3      | Reached skill level 1 in Evocations
  1878 | D:3      | Reached XP level 5. HP: 14/47 MP: 4/4
  1878 | D:3      | Reached XP level 6. HP: 16/53 MP: 5/5
  1881 | D:3      | Found a glowing drain.
  1893 | Sewer    | Entered a sewer
  2145 | Sewer    | Reached skill level 5 in Axes
  2145 | Sewer    | Reached skill level 5 in Armour
  2649 | Sewer    | Reached XP level 7. HP: 29/60 MP: 6/6
  3438 | D:3      | You fall into a shaft and drop 3 floors!
  3495 | D:5      | Entered Level 5 of the Dungeon
  3585 | D:4      | Found a sand-covered staircase.
  3598 | Ossuary  | Entered an ossuary
  3679 | Ossuary  | Reached skill level 6 in Axes
  3871 | Ossuary  | Reached skill level 5 in Fighting
  3892 | Ossuary  | Reached XP level 8. HP: 68/68 MP: 7/7
  3961 | Ossuary  | Reached skill level 7 in Axes
  4789 | D:4      | Found a bloodstained altar of Trog.
  5155 | D:4      | Found a sparkling altar of Nemelex Xobeh.
  5275 | D:5      | Reached skill level 8 in Axes
  5421 | D:5      | Found a broken altar of Ashenzari.
  5511 | D:5      | Found a hazy altar of Hepliaklqana.
  6163 | D:6      | Noticed Maggie
  6179 | D:6      | Killed Maggie
  6180 | D:6      | Reached skill level 5 in Shields
  6180 | D:6      | Reached XP level 9. HP: 24/75 MP: 8/8
  6681 | D:6      | Reached skill level 9 in Axes
  6996 | D:6      | Reached skill level 1 in Bows
  7015 | D:6      | Noticed Sigmund
  7026 | D:6      | Killed Sigmund
  7805 | D:7      | Reached skill level 5 in Evocations
  8054 | D:7      | Reached skill level 10 in Axes
  8117 | D:7      | Found a staircase to the Ecumenical Temple.
  8126 | Temple   | Entered the Ecumenical Temple
  8202 | Temple   | Became a worshipper of Warmaster Okawaru
  8521 | D:7      | Found a basalt altar of Yredelemnul.
  8613 | D:7      | Found a runed translucent door.
  8614 | D:7      | Noticed Crazy Yiuf
  8655 | D:7      | Reached XP level 10. HP: 84/84 MP: 9/9
  9218 | D:7      | Identified the +1 leather armour of Fupnorche {+Inv rCorr}
  9355 | D:7      | Killed Crazy Yiuf
  9485 | D:8      | Found a staircase to the Lair.
  9651 | D:8      | Found a snail-covered altar of Cheibriados.
  9812 | D:8      | Noticed Pikel
  9825 | D:8      | Killed Pikel
 10010 | D:8      | Reached * piety under Okawaru
 10152 | D:8      | Reached skill level 1 in Invocations
 10499 | D:8      | Noticed a cyclops
 10513 | D:8      | Killed a cyclops
 10514 | D:8      | Reached skill level 1 in Conjurations
 10895 | D:8      | Learned a level 1 spell: Foxfire
 10912 | D:9      | Reached skill level 1 in Spellcasting
 10912 | D:9      | Reached skill level 1 in Fire Magic
 11463 | D:9      | Reached skill level 11 in Axes
 11644 | D:9      | Noticed a cyclops
 11971 | D:9      | Killed a cyclops
 11971 | D:9      | Reached ** piety under Okawaru
 12229 | D:9      | Reached XP level 11. HP: 83/92 MP: 10/12
 13128 | D:9      | Found a shimmering altar of Xom.
 13464 | D:10     | Entered Level 10 of the Dungeon
 13501 | D:10     | Reached *** piety under Okawaru
 14029 | D:10     | Noticed Maurice
 14054 | D:10     | Killed Maurice
 14264 | D:10     | Found Dokish's Self-Improvement Boutique.
 14314 | D:10     | Reached skill level 1 in Maces & Flails
 15151 | D:11     | Noticed a four-headed hydra
 15160 | D:11     | Killed a four-headed hydra
 15160 | D:11     | Reached **** piety under Okawaru
 15532 | D:11     | Noticed a two-headed ogre
 15543 | D:11     | Killed a two-headed ogre
 16283 | D:12     | Found a staircase to the Orcish Mines.
 16370 | D:12     | Found a gate leading to a gauntlet.
 16428 | D:12     | Reached ***** piety under Okawaru
 16446 | D:12     | Found a shadowy altar of Dithmenos.
 16724 | D:12     | Noticed a green ugly thing
 16727 | D:12     | Noticed a two-headed ogre
 16733 | D:12     | Killed a green ugly thing
 16734 | D:12     | Reached skill level 12 in Axes
 16738 | D:12     | Killed a two-headed ogre
 16738 | D:12     | Received a gift from Okawaru
 17210 | D:12     | Reached XP level 12. HP: 99/103 MP: 14/14
 17254 | D:12     | Reached skill level 10 in Armour
 17608 | Orc:1    | Entered Level 1 of the Orcish Mines
 18799 | Orc:2    | Entered Level 2 of the Orcish Mines
 18992 | Orc:2    | Found a staircase to the Elven Halls.
 19126 | Orc:2    | Found Qumuubop's Assorted Antiques.
 19134 | Orc:2    | Bought a scroll of identify for 32 gold pieces
 19269 | Orc:2    | Found an iron altar of Okawaru.
 19315 | Orc:2    | Noticed Urug
 19406 | Orc:2    | Killed Urug
 19977 | Orc:2    | Reached skill level 5 in Invocations
 20009 | Elf:1    | Entered Level 1 of the Elven Halls
 20090 | D:13     | Noticed a centaur warrior
 20103 | D:13     | Killed a centaur warrior
 20353 | D:13     | Found a gate to the Vaults.
 20353 | D:13     | Noticed an ironbound preserver
 20353 | D:13     | Noticed a centaur warrior
 20388 | D:12     | HP: 2/104 [vampire mosquito (6)]
 20847 | D:13     | Noticed Kirke
 20850 | D:13     | Killed a centaur warrior
 20850 | D:13     | Received a gift from Okawaru
 20851 | D:13     | Reached skill level 5 in Maces & Flails
 20861 | D:12     | Killed Kirke
 20881 | D:13     | Killed an ironbound preserver
 21348 | D:13     | Noticed a two-headed ogre
 21353 | D:13     | Killed a two-headed ogre
 21968 | D:13     | Reached XP level 13. HP: 56/111 MP: 16/16
 23179 | Lair:1   | Entered Level 1 of the Lair of Beasts
 23206 | Lair:1   | Reached skill level 13 in Axes
 23369 | Lair:1   | Noticed Prince Ribbit
 23381 | Lair:1   | Identified the +4 ring mail of Disguise {rElec} (Okawaru
                  | gifted it to you on level 1 of the Lair of Beasts)
 23381 | Lair:1   | Received a gift from Okawaru
 23388 | Lair:1   | Killed Prince Ribbit
 23396 | Lair:1   | Reached ****** piety under Okawaru
 23604 | Lair:1   | Reached skill level 10 in Fighting
 24357 | Lair:2   | Found a staircase to the Swamp.
 24480 | Lair:2   | Found a hole to the Spider Nest.
 24824 | Lair:2   | Reached skill level 14 in Axes
 25915 | Swamp:1  | Entered Level 1 of the Swamp
 26796 | Lair:3   | Reached XP level 14. HP: 92/122 MP: 18/18
 27371 | Lair:3   | Identified the +2 buckler "Tenemp" {rCorr Int+8 Dex-4}
                  | (Okawaru gifted it to you on level 3 of the Lair of Beasts)
 27371 | Lair:3   | Received a gift from Okawaru
 28811 | Lair:4   | Reached skill level 15 in Axes
 29217 | Lair:4   | Found a blossoming altar of Fedhas.
 31467 | Lair:5   | Found a viscous altar of Jiyva.
 31467 | Lair:5   | Found a staircase to the Slime Pits.
 31803 | Slime:1  | Entered Level 1 of the Pits of Slime
 31803 | Slime:1  | Noticed an azure jelly
 32381 | Lair:5   | Killed an azure jelly
 32779 | Slime:2  | Noticed an azure jelly
 32779 | Slime:2  | Noticed a rockslime
 32779 | Slime:2  | Noticed a rockslime
 32851 | Lair:6   | Entered Level 6 of the Lair of Beasts
 32868 | Lair:5   | Identified the +10 plate armour of Complete Protection {Fly
                  | Dex+2} (Okawaru gifted it to you on level 5 of the Lair of
                  | Beasts)
 32868 | Lair:5   | Received a gift from Okawaru
 33269 | Lair:6   | Reached skill level 10 in Evocations
 34064 | Lair:6   | Noticed Josephine
 34072 | Lair:6   | Killed Josephine
 34077 | Lair:6   | Reached skill level 16 in Axes
 34131 | Lair:6   | Slain by a catoblepas

Illustrated notes

Levels and vault maps discovered:
D:1:      elethiomel_arrival_maze, layout_loops_ring, basic_ecumenical_altar
D:2:      layout_rooms
D:3:      layout_basic, portal_sewer_entry_d, uniq_grinder
D:4:      layout_basic, nemelex_altar_shiori, kennysheep_little_box,
          lightli_ossuary_entry_decrepit_ruins, minmay_misc_feat_rows,
          minmay_circle_x
D:5:      layout_loops_ring, mainiacjoe_overflow_catwalk,
          mainiacjoe_overflow_alcove_2, nicolae_zen_rock_garden,
          minmay_fountain_box
D:6:      layout_loops_ring, hangedman_decor_riveting, minmay_strange_pillars,
          kb_lookout_dungeons_type, uniq_maggie, uniq_sigmund
D:7:      layout_basic, yredelemnul_altar_generic, minmay_temple_entry_poolview,
          serial_glass, glass_columns_a, glass_columns_c, minmay_between,
          uniq_crazy_yiuf_cottage
D:8:      layout_basic, cheibriados_altar_2, lair_entry_dummy, uniq_pikel
D:9:      layout_basic, marbit_many_paths, serial_aquarium,
          aquarium_bridge_square [aquarium_subvault_bridge,
          aquarium_subvault_wall, aquarium_subvault_balcony,
          aquarium_subvault_window], aquarium_bridge_straight
          [aquarium_subvault_bridge, aquarium_subvault_wall,
          aquarium_subvault_bridge, aquarium_subvault_wall],
          aquarium_window_fake, aquarium_window_fake, aquarium_view_2c
D:10:     layout_roguey, nicolae_shop_self_help, uniq_maurice
D:11:     layout_loops_ring, serial_rivers, chequers_serial_rivers_room_a,
          chequers_serial_rivers_micro_c, chequers_serial_rivers_small_b,
          chequers_serial_rivers_room_b, chequers_serial_rivers_micro_b
D:12:     layout_irregular_city, david_orc_3, gauntlet_entry_generic,
          serial_glass, glass_columns_a, glass_columns_c,
          palyth_stone_intersect, nicolae_dithmenos_through_a_glass_darkly
D:13:     layout_cave_pods, skrybe_vaults_entry_preservation, uniq_kirke
Temple:   eino_wide_crystal_templ
Lair:1:   layout_chaotic_city, nicolae_quartered_pool_little,
          lemuel_fruit_fields, infiniplex_staircase_pool, uniq_prince_ribbit2
Lair:2:   layout_chaotic_city, minmay_swamp_entry_swarm,
          hellmonk_spider_entry_life_and_decay, cheibrodos_lair_lostbears,
          lemuel_fruit_tree
Lair:3:   layout_gridlike
Lair:4:   layout_regular_city, chequers_serial_rivers_marsh, minmay_hedge_maze,
          hangedman_tree_tricks, beast_lair_carwin_7
Lair:5:   layout_cave_pods, dpeg_slime_entry_enclosed_altar, special_room
          [special_room_bee], st_stairs_9, grunt_megastairs_2,
          infiniplex_staircase_pool_2
Lair:6:   evilmike_catoblepas_cave, layout_misc_corridors, grunt_megastairs_4,
          uniq_josephine
Swamp:1:  layout_basic_swamp, evilmike_swamp_ruin_house_1
Slime:1:  layout_caves
Slime:2:  layout_caves, nicolae_slime_welcoming_committee
Orc:1:    layout_caves, david_defended_altar_orc
Orc:2:    st_orc_congregation, layout_diamond_mine, serial_shops, shop_statue,
          basic_altar, okawaru_metal_pillars_3, uniq_urug
Elf:1:    elf_arrival_001, layout_loops_cross, basic_altar,
          hangedman_elf_represent, st_stairs_11, drop_trap

Skill      XL: |  1  2  3  4  5  6  7  8  9 10 11 12 13 14 |
---------------+-------------------------------------------+-----
Armour         | 4 5 6 7 8 9 11 12 13 | 13.2
Axes           | 3 4 5 6 8 10 11 12 14 16 | 16.0
Fighting       | 4 5 6 7 8 9 10 11 | 11.7
Throwing       | 1 2 3 4 |  4.0
Shields        | 4 5 6 7 8 9 |  9.7
Dodging        | 1 2 3 |  3.0
Evocations     | 1 2 4 5 6 7 8 9 10 | 10.1
Bows           | 2 3 |  3.4
Invocations    | 2 4 6 7 8 |  8.9
Conjurations   | 1 2 |  2.1
Spellcasting   | 1 2 |  2.0
Fire Magic     | 1 2 |  2.2
Maces & Flails | 3 6 7 |  7.3
Stealth        | |  0.6

Action                   |  1- 3 |  4- 6 |  7- 9 | 10-12 | 13-15 || total
-------------------------+-------+-------+-------+-------+-------++-------
Melee: War axe           |    92 |    13 |   133 |    42 |       ||   280
       Headbutt          |    13 |    11 |    86 |   193 |   198 ||   501
       Hand axe          |       |    69 |   269 |   466 |    15 ||   819
       Flail             |       |       |       |    46 |       ||    46
       Demon whip        |       |       |       |   108 |    83 ||   191
       Broad axe         |       |       |       |    10 |   610 ||   620
       Punch             |       |       |       |       |     3 ||     3
Throw: Stone             |     5 |       |     1 |     9 |       ||    15
       Javelin           |       |       |     8 |    11 |     5 ||    24
       Throwing net      |       |       |       |     3 |       ||     3
       Dart              |       |       |       |     6 |       ||     6
Invok: Heroism           |       |       |       |     1 |     2 ||     3
 Abil: Evoke Invisibilit |       |       |       |     1 |       ||     1
Evoke: Wand              |       |       |       |     1 |     4 ||     5
  Use: Scroll            |     3 |       |     7 |    11 |     9 ||    30
       Potion            |       |       |     1 |     5 |     2 ||     8
 Stab: Invisible         |       |       |       |     1 |       ||     1
Armor: Scale mail        |    53 |    32 |   168 |       |       ||   253
       Plate armour      |       |       |       |   432 |   666 ||  1098
       Leather armour    |       |       |       |     9 |       ||     9
Dodge: Dodged            |    35 |    35 |   162 |   205 |   322 ||   759
Block: Buckler           |    16 |    24 |    89 |   195 |   251 ||   575

Table legend: (Time is in decaauts)
 A = Elapsed time spent in this place.
 B = Non-inter-level travel time spent in this place.
 C = Inter-level travel time spent in this place.
 D = Time resting spent in this place.
 E = Time spent auto-exploring this place.
 F = Levels seen in this place.
 G = Mean time per level.
                   A        B        C        D        E       F      G
               +--------+--------+--------+--------+--------+-----+--------+
         Total |  34192 |  32125 |   2067 |  10015 |  16481 |  28 | 1221.1 |
       Dungeon |  19102 |  17801 |   1301 |   4600 |  10648 |  13 | 1469.4 |
        Temple |     83 |     53 |     30 |      0 |     40 |   1 |   83.0 |
          Lair |  10660 |  10003 |    657 |   3873 |   4587 |   6 | 1776.7 |
         Swamp |      7 |      7 |      0 |      0 |      0 |   1 |    7.0 |
    Slime Pits |    206 |    206 |      0 |      0 |     10 |   2 |  103.0 |
  Orcish Mines |   1989 |   1911 |     78 |    664 |    354 |   2 |  994.5 |
   Elven Halls |      8 |      8 |      0 |      0 |      0 |   1 |    8.0 |
         Sewer |   1479 |   1479 |      0 |    569 |    667 |   1 | 1479.0 |
       Ossuary |    654 |    654 |      0 |    309 |    174 |   1 |  654.0 |
               +--------+--------+--------+--------+--------+-----+--------+

Top non-repeatable levels by time:
  Lair:4: 2656 daAuts
  Lair:5: 2611 daAuts
     D:9: 2443 daAuts
    D:12: 2311 daAuts
  Lair:2: 2264 daAuts
    D:13: 2211 daAuts
    D:10: 1643 daAuts
     D:8: 1592 daAuts
     D:7: 1591 daAuts
   Sewer: 1479 daAuts
     D:6: 1432 daAuts
  Lair:3: 1424 daAuts
    D:11: 1404 daAuts
     D:5: 1180 daAuts
   Orc:1: 1170 daAuts
